 Dungeon Crawl Stone Soup version 0.28-a0-1389-gc726bef33b (webtiles) character file.

Game seed: 4557706063198422727

206 bande the Covered (level 5, -3/33 HPs)
             Began as a Gargoyle Fighter on Jan 4, 2022.
             Slain by Menkaure (7 damage)
             ... on level 4 of the Dungeon.
             The game lasted 00:05:58 (3601 turns).

bande the Covered (Gargoyle Fighter)                Turns: 3601, Time: 00:05:58

Health: -3/33      AC: 15    Str: 20    XL:     5   Next: 84%
Magic:  5/5        EV:  7    Int:  8    God:
Gold:   156        SH:  4    Dex: 11    Spells: 4/4 levels left

rFire   . . .      SeeInvis .   a - +0 war axe
rCold   . . .      Faith    .   c - +0 buckler
rNeg    + . .      Spirit   .   f - +0 chain mail
rPois   ∞          Reflect  .   e - +1 helmet
rElec   +          Harm     .   (no cloak)
rCorr   .          Rampage  .   (no gloves)
Will    .....                   (no boots)
Stlth   ..........              (no amulet)
HPRegen 0.11/turn               (no ring)
MPRegen 0.09/turn               (no ring)

@: no status effects
A: sickness immunity, AC +4, negative energy resistance 1, electricity
resistance, torment resistance 1, petrification resistance
a: no special abilities


You were on level 4 of the Dungeon.
You visited 1 branch of the dungeon, and saw 4 of its levels.

You collected 156 gold pieces.

Inventory:

Hand Weapons
 a - a +0 war axe (weapon)
 b - a +0 flail
Armour
 c - a +0 buckler (worn)
 e - a +1 helmet (worn)
 f - a +0 chain mail (worn)
 g - an orb of light
Jewellery
 i - a ring of flight
Potions
 d - 2 potions of might
 h - a potion of haste


   Skills:
 + Level 4.0 Fighting
 + Level 4.1 Axes
 + Level 4.1 Armour
 + Level 4.0 Shields


You had 4 spell levels left.
You didn't know any spells.
Your spell library was empty.

Dungeon Overview and Level Annotations

Branches:
Dungeon (4/15)
 Temple: D:4-7

Altars:
Fedhas

Annotations:
D:4 Menkaure


Innate Abilities, Weirdness & Mutations

You are immune to sickness and miasma.
Your stone body is resilient. (AC +4)
You are immune to poison.
You resist negative energy. (rN+)
You are resistant to electric shocks. (rElec)
You are resistant to unholy torment.
You are immune to petrification.


Message History

The orc is almost dead.
You hit Menkaure. The orc barely misses you. You block Menkaure's attack.
The orc barely misses you.
Menkaure calls on the powers of darkness!
Your body is wracked with pain!
The goblin convulses!
You closely miss the orc.
The orc is almost dead.
You hit Menkaure. You miss the goblin. The goblin closely misses you.
Menkaure hits you but does no damage. You block the orc's attack.
You hit the orc.
You kill the orc!
You closely miss the goblin. You barely miss Menkaure.
Menkaure hits you but does no damage. The goblin barely misses you.
Menkaure hits you! You block the goblin's attack.
You are too injured to fight recklessly!
You are too injured to fight recklessly!
You are too injured to fight recklessly!
You are too injured to fight recklessly!
You are too injured to fight recklessly!
Unknown command.
You slash Menkaure!
Menkaure is heavily damaged.
You barely miss the goblin. You block Menkaure's attack.
The goblin hits you but does no damage.
Unknown command.
Your shield prevents you from hitting Menkaure.
Menkaure is heavily damaged.
You slash the goblin!
You kill the goblin!
Menkaure hits you!
* * * LOW HITPOINT WARNING * * *
You block Menkaure's attack.
Your Shields skill increases to level 4!
You barely miss Menkaure.
Menkaure is heavily damaged.
Menkaure barely misses you. Menkaure hits you but does no damage.
You hit Menkaure.
Menkaure is severely damaged.
Menkaure hits you!
You die...

....# ....## .....#
.....## ##......#
###........ ############
#..........
.....#.#....###..)#.....
..............#M@...#
..............<)....#
....................#
.......#.........####
<......#.........####
..................#.##
#....................#
#....####......##....#
##...# #......###...#


You could see Menkaure (fast).

Vanquished Creatures
  A hound (D:3)
  Terence (D:3)
  An orc wizard (D:3)
  5 adders
  A shadow imp (D:3)
  A white imp (D:3)
  8 orcs
  9 ball pythons
  4 bats (D:2)
  7 endoplasms
  4 giant cockroaches
  5 goblins
  9 hobgoblins
  3 jackals (D:1)
  7 kobolds
  4 quokkas
  5 frilled lizards
  2 rats
77 creatures vanquished.

Vanquished Creatures (others)
  11 toadstools (D:4)
11 creatures vanquished.

Grand Total: 88 creatures vanquished

Notes
Turn   | Place    | Note
-------+----------+-------------------------------------------
     0 | D:1      | bande the Gargoyle Fighter began the quest for the Orb.
     0 | D:1      | Reached XP level 1. HP: 14/14 MP: 1/1
   459 | D:1      | Reached XP level 2. HP: 19/19 MP: 2/2
   667 | D:1      | Reached XP level 3. HP: 23/23 MP: 3/3
  1411 | D:2      | Identified the +10 whip of the Doomed Warrior {vorpal,
                  | *Noise Will+ Int+5}
  1599 | D:2      | Found a blossoming altar of Fedhas.
  1605 | D:2      | Reached XP level 4. HP: 29/29 MP: 4/4
  1914 | D:2      | Found a faded altar of an unknown god.
  2225 | D:3      | Noticed Terence
  2235 | D:3      | Killed Terence
  2236 | D:3      | Reached XP level 5. HP: 21/33 MP: 5/5
  3049 | D:4      | Noticed Menkaure
  3601 | D:4      | Slain by Menkaure

Illustrated notes

Levels and vault maps discovered:
D:1:      minmay_arrival_semitransparent, layout_loops_cross
D:2:      layout_basic, basic_altar, hellmonk_ecumenical_altar_crossroads,
          minmay_pentomino_r2
D:3:      layout_basic, minmay_misc_feat_secret_circle, minmay_hedge_maze,
          uniq_terence
D:4:      cheibrodos_fertilizer, layout_cave_pools, uniq_natasha, uniq_menkaure,
          uniq_blork_the_orc

Skill      XL: |  1  2  3  4  5 |
---------------+----------------+-----
Axes           | 2 3 4 |  4.1
Armour         | 4 |  4.1
Fighting       | 4 |  4.0
Shields        | 4 |  4.0

Action                   |  1- 3 |  4- 6 || total
-------------------------+-------+-------++-------
Melee: War axe           |   136 |   110 ||   246
  Use: Scroll            |       |     6 ||     6
Armor: Scale mail        |    83 |    28 ||   111
       Chain mail        |       |    59 ||    59
       Skin              |       |     3 ||     3
Dodge: Dodged            |    74 |    87 ||   161
Block: Buckler           |    29 |    35 ||    64

Table legend: (Time is in decaauts)
 A = Elapsed time spent in this place.
 B = Non-inter-level travel time spent in this place.
 C = Inter-level travel time spent in this place.
 D = Time resting spent in this place.
 E = Time spent auto-exploring this place.
 F = Levels seen in this place.
 G = Mean time per level.
                   A        B        C        D        E       F      G
               +--------+--------+--------+--------+--------+-----+--------+
         Total |   3693 |   3640 |     53 |    962 |   1980 |   4 |  923.2 |
       Dungeon |   3693 |   3640 |     53 |    962 |   1980 |   4 |  923.2 |
               +--------+--------+--------+--------+--------+-----+--------+

Top non-repeatable levels by time:
     D:3: 1544 daAuts
     D:2: 1060 daAuts
     D:1: 992 daAuts
     D:4: 96 daAuts
